 Dungeon Crawl Stone Soup version 0.21-a0-538-gd16b88a (webtiles) character file.

1562 Amnesiac the Cutter (level 9, -6/59 HPs)
             Began as a Halfling Fighter on Dec 15, 2017.
             Was a Believer of Okawaru.
             Killed by nerve-wracking pain
             ... invoked by an orc priest
              (14 damage)
             ... on level 7 of the Dungeon.
             The game lasted 00:08:02 (5438 turns).

Amnesiac the Cutter (Halfling Fighter)              Turns: 5438, Time: 00:08:02

Health: -6/59      AC:  9    Str: 25    XL:     9   Next: 13%
Magic:  10/10      EV: 13    Int:  6    God:    Okawaru [**....]
Gold:   321        SH: 11    Dex: 14    Spells: 8/8 levels left

rFire    . . .     SeeInvis .   b - +3 short sword (venom)
rCold    . . .     Gourm    .   c - +0 shield
rNeg     . . .     Faith    .   s - +0 scale mail
rPois    .         Spirit   .   (no helmet)
rElec    .         Reflect  .   (no cloak)
rCorr    .         Harm     .   t - +0 pair of gloves
MR       .....                  r - +0 pair of boots
Stlth    ..........             (no amulet)
HPRegen  0.19/turn              (no ring)
MPRegen  0.12/turn              (no ring)

@: mighty
A: small, mutation resistance 1
a: Heroism, Renounce Religion


You were on level 7 of the Dungeon.
You worshipped Okawaru.
Okawaru was pleased with you.
You were not hungry.

You visited 2 branches of the dungeon, and saw 8 of its levels.

You collected 321 gold pieces.

Inventory:

Hand Weapons
 a - a +0 dagger of electrocution
 b - a +3 short sword of venom (weapon)
 G - a +2 rapier of draining
Missiles
 l - 113 sling bullets
 p - 51 stones (quivered)
Armour
 c - a +0 shield (worn)
 r - a +0 pair of boots (worn)
 s - a +0 scale mail (worn)
 t - a +0 pair of gloves (worn)
Jewellery
 F - a cursed ring of loudness {unknown}
Wands
 I - a wand of digging (12)
Scrolls
 e - a scroll of enchant armour {!r, unknown}
 g - 2 scrolls of fog {!r, unknown}
 h - 2 scrolls of noise {!r, unknown}
 k - 5 scrolls of teleportation {!r}
 n - a scroll of blinking {!r, unknown}
 q - 2 scrolls of remove curse {!r, unknown}
 u - 2 scrolls of enchant weapon {!r, unknown}
 w - 2 scrolls of identify {!r, unknown}
 y - 3 scrolls of magic mapping {!r, unknown}
 A - a scroll of fear {!r, unknown}
 B - a scroll of immolation {!r, unknown}
Potions
 d - a potion of might {!q}
 i - a potion of ambrosia {!q, unknown}
 o - a potion of degeneration {!q, unknown}
 x - a potion of heal wounds {!q, unknown}
 z - 3 potions of curing {!q, unknown}
 C - a potion of haste {!q, unknown}
 E - 2 potions of lignification {!q, unknown}
 H - a potion of brilliance {!q, unknown}
 J - a potion of berserk rage {!q, unknown}
Comestibles
 f - 4 bread rations
 j - 3 meat rations
 m - 5 royal jellies
 v - 19 fruits
 D - 2 chunks of flesh


   Skills:
 * Level 4.4 Fighting
 - Level 7.9 Short Blades
 * Level 5.3 Armour
 * Level 5.3 Dodging
 * Level 5.4 Shields
 + Level 2.1 Invocations


You had 8 spell levels left.
You didn't know any spells.

Dungeon Overview and Level Annotations

Branches:
Dungeon (7/15)             Temple (1/1) D:4

Altars:
Ashenzari
Cheibriados
Dithmenos
Elyvilon
Fedhas
Gozag
Hepliaklqana
Kikubaaqudgha
Makhleb
Nemelex Xobeh
Okawaru
Qazlal
Ru
Sif Muna
Trog
Uskayaw
Vehumet
Wu Jian
Xom
Yredelemnul
Zin
The Shining One

Shops:
D:4 [


Innate Abilities, Weirdness & Mutations

You are small and have problems with some larger weapons.
You are somewhat resistant to further mutation.


Message History

You see here an adder corpse.
You butcher the adder corpse.
D - 3 chunks of flesh (gained 1) Eating one of 3 chunks of flesh.
You eat one of the 3 chunks of flesh.
This raw flesh tastes terrible.
A quokka and an orc come into view.
The orc shouts!
An orc wizard comes into view. It is wielding a dagger.
There are monsters nearby!
Found a robe.
You swing at nothing.
You swing at nothing.
You swing at nothing.
An orc priest comes into view. It is wielding a dagger.
You closely miss the quokka. You block the quokka's attack.
You hit the quokka.
The quokka is almost dead.
The quokka bites you but does no damage.
The orc priest mumbles some strange prayers to Beogh against you.
Beogh smites you!
You hear a shout!
A shadow imp comes into view.
The shadow imp shouts!
You puncture the quokka!
You kill the quokka!
Okawaru accepts your kill.
The orc priest looks braver for a moment.
An orc warrior comes into view. It is wielding a scimitar.
You completely miss the orc.
The orc priest invokes the aid of Beogh against you.
Beogh smites you!
* * * LOW HITPOINT WARNING * * *
You puncture the orc!
You kill the orc!
Okawaru accepts your kill.
You swing at nothing.
The shadow imp gestures at you.
You struggle to resist.
You swing at nothing.
The orc warrior zaps a wand.
The bolt of acid hits you!
* * * LOW HITPOINT WARNING * * *
You are splashed with acid!
The acid burns!
* * * LOW HITPOINT WARNING * * *
It is a wand of acid (5).
You swing at nothing.
You swing at nothing.
You swing at nothing.
The orc warrior zaps a wand.
The bolt of acid misses you.
You swing at nothing.
You hit the shadow imp.
The shadow imp is heavily wounded.
You hit the shadow imp but do no damage.
The shadow imp is heavily wounded.
The shadow imp hits you but does no damage.
You hit the shadow imp.
The shadow imp is poisoned.
The shadow imp is almost dead.
You kill the shadow imp!
Okawaru accepts your kill.
Unknown command.
Really quaff
d - 2 potions of might {!q}?
You feel very mighty all of a sudden.
You puncture the orc priest!
The orc priest is poisoned.
The orc priest is heavily wounded.
The orc priest mumbles some strange prayers to Beogh against you.
Pain shoots through your body!
You die...

.... ..[...
##......o
#........
#........
##........
###.........
#@oo$.......
###o........
#.........
##.........
#..........
#..........
#<.........
#..........
##........#


You could see an orc warrior, an orc priest and an orc wizard.

Vanquished Creatures
  A hornet (D:5)
  An ice beast (D:6)
  3 ogres (D:5)
  A centaur (D:6)
  2 scorpions
  3 howler monkeys
  A crimson imp (D:5)
  A centaur zombie (D:6)
  A jelly (D:6)
  2 orc priests (D:4)
  A bullfrog skeleton (D:4)
  A hound (D:6)
  An iguana (D:4)
  3 orc wizards
  4 worker ants
  12 gnolls
  3 adders
  A howler monkey skeleton (D:4)
  5 shadow imps
  An adder skeleton (D:6)
  2 worms
  A dart slug (D:2)
  3 leopard geckos
  18 orcs
  6 giant cockroaches
  9 goblins
  9 hobgoblins
  15 jackals
  3 quokkas
  7 bats
  6 frilled lizards
  A jackal skeleton (D:5)
  A jackal zombie (D:5)
  5 kobolds
  4 leopard gecko skeletons
  11 rats
149 creatures vanquished.

Notes
Turn   | Place    | Note
-------+----------+-------------------------------------------
     0 | D:1      | Amnesiac the Halfling Fighter began the quest for the Orb.
     0 | D:1      | Reached XP level 1. HP: 15/15 MP: 1/1
   135 | D:1      | Reached skill level 3 in Short Blades
   135 | D:1      | Reached XP level 2. HP: 15/20 MP: 2/2
   239 | D:1      | Reached skill level 1 in Dodging
   564 | D:1      | Reached XP level 3. HP: 23/25 MP: 3/3
   776 | D:2      | Reached skill level 4 in Short Blades
   967 | D:2      | Reached XP level 4. HP: 20/30 MP: 4/4
  1788 | D:3      | Reached XP level 5. HP: 35/35 MP: 5/5
  1800 | D:3      | Reached skill level 5 in Short Blades
  2220 | D:3      | Reached XP level 6. HP: 33/41 MP: 6/6
  2467 | D:4      | Reached skill level 6 in Short Blades
  2949 | D:4      | Reached skill level 7 in Short Blades
  2955 | D:4      | Found Atumn's Antique Armour Boutique.
  2982 | D:4      | Reached XP level 7. HP: 38/45 MP: 7/7
  3301 | D:4      | Found a staircase to the Ecumenical Temple.
  3340 | Temple   | Entered the Ecumenical Temple
  3366 | Temple   | Became a worshipper of Warmaster Okawaru
  3411 | D:5      | Entered Level 5 of the Dungeon
  3491 | D:5      | Found a sacrificial altar of Ru.
  3519 | D:5      | Noticed a hornet
  3991 | D:5      | Reached * piety under Okawaru
  3991 | D:5      | Reached XP level 8. HP: 46/52 MP: 8/8
  4261 | D:5      | Paralysed by a hornet for 3 turns
  4265 | D:5      | Killed a hornet
  4265 | D:5      | Reached skill level 1 in Invocations
  4704 | D:6      | Reached skill level 5 in Shields
  4718 | D:6      | Reached skill level 5 in Armour
  4795 | D:6      | Reached ** piety under Okawaru
  4795 | D:6      | Reached skill level 5 in Dodging
  4988 | D:6      | Reached XP level 9. HP: 47/59 MP: 10/10
  5354 | D:6      | Noticed a gargoyle
  5438 | D:7      | Killed from afar by an orc priest

Vault maps used:
D:1:      dpeg_arrival_boxes_within_box
D:2:      kb_forest_paths, minmay_splitting_lines
D:3:      dk_vineyard_2
D:4:      minmay_temple_entry_glassed_door, serial_shops,
          nicolae_shop_window_shopping, first_bread
D:5:      nicolae_ru_awakened_eye
Temple:   compressed_dpeg_circular_temple

Skill      XL: |  1  2  3  4  5  6  7  8 |
---------------+-------------------------+-----
Short Blades   | 3 4 5 7 |  7.9
Dodging        | 1 2 3 4 5 |  5.3
Fighting       | 3 4 |  4.4
Armour         | 4 5 |  5.3
Shields        | 4 5 |  5.4
Invocations    | 2 |  2.1

Action                   |  1- 3 |  4- 6 |  7- 9 || total
-------------------------+-------+-------+-------++-------
Melee: Rapier            |   100 |     9 |       ||   109
       Short sword       |       |   169 |   225 ||   394
Throw: Stone             |       |     1 |     1 ||     2
  Use: Scroll            |       |       |     1 ||     1
       Potion            |       |       |     1 ||     1
  Eat: Chunk             |       |     6 |     9 ||    15
Armor: Scale mail        |    42 |    37 |    45 ||   124
Dodge: Dodged            |    36 |    41 |    58 ||   135
Block: Shield            |    53 |    79 |    79 ||   211

Table legend:
 A = Spawn XP
 B = Non-spawn XP
 C = Spawn XP percentage of total XP
 D = Spawn monster count
 E = Non-spawn monster count
 F = Spawn count percentage of total count
 G = Total turns spent on level
                    A         B        C        D         E        F      G
               +---------+---------+-------+---------+---------+-------+---------
         Total |       0 |    2232 |   0.0 |       0 |     149 |   0.0 |  5438
               +---------+---------+-------+---------+---------+-------+---------
           D:1 |       0 |      29 |   0.0 |       0 |      19 |   0.0 |   639
           D:2 |       0 |      95 |   0.0 |       0 |      34 |   0.0 |  1090
           D:3 |       0 |     218 |   0.0 |       0 |      29 |   0.0 |   933
           D:4 |       0 |     302 |   0.0 |       0 |      15 |   0.0 |   707
           D:5 |       0 |     977 |   0.0 |       0 |      30 |   0.0 |  1054
           D:6 |       0 |     545 |   0.0 |       0 |      17 |   0.0 |   928
           D:7 |       0 |      66 |   0.0 |       0 |       5 |   0.0 |    45
               +---------+---------+-------+---------+---------+-------+---------
